 Dungeon Crawl Stone Soup version 0.27-a0-1202-ge72e49191c (webtiles) character file.

Game seed: 10830939025254677681

71299 Morbidden the Peltast (level 15, 0/120 HPs)
             Began as a Barachi Fighter on June 2, 2021.
             Was a High Priest of Cheibriados.
             Slain by an ogre mage
             ... wielding a +1 spear of pain
              (2 damage)
             ... while paralysed by an ogre mage
             ... on level 1 of the Orcish Mines on June 4, 2021.
             The game lasted 00:51:14 (29192 turns).

Morbidden the Peltast (Barachi Fighter)            Turns: 29192, Time: 00:51:15

Health: 0/120      AC: 21    Str: 33    XL:     15   Next: 36%
Magic:  0/24       EV:  2    Int: 27    God:    Cheibriados [*****.]
Gold:   2346       SH:  0    Dex: 26    Spells: 22/27 levels left

rFire    . . .     SeeInvis .   a - +1 demon blade (elec)
rCold    . . .     Faith    .   f - +0 tower shield
rNeg     . . .     Spirit   +   L - +3 chain mail
rPois    .         Reflect  .   X - +1 helmet
rElec    .         Harm     .   y - +0 cloak
rCorr    .         Rampage  .   m - +0 pair of gloves
Will     +....                  F - +0 pair of boots
Stlth    ..........             J - amulet of guardian spirit
HPRegen  0.30/turn              h - +4 ring of evasion
MPRegen  0.19/turn              E - +4 ring of evasion

@: paralysed, very slow
A: amphibious, slowness 1, strong legs 2, +LOS
a: Hop, Renounce Religion, Bend Time, Temporal Distortion, Slouch, Step From
Time


You were on level 1 of the Orcish Mines.
You worshipped Cheibriados.
Cheibriados was extremely pleased with you.
You visited 4 branches of the dungeon, and saw 21 of its levels.
You also visited: Sewer and Ice Cave.

You collected 2841 gold pieces.
You spent 495 gold pieces at shops.

Inventory:

Hand Weapons
 a - a +1 demon blade of electrocution (weapon)
 b - a +0 hunting sling of venom
 V - a +2 falchion of flaming
 Z - a +2 short sword of venom
Missiles
 n - 162 sling bullets
 p - 159 poisoned darts (quivered)
 w - 2 throwing nets
 A - 8 curare-tipped darts
 U - 2 javelins
Armour
 f - a +0 tower shield (worn)
 g - +0 ice dragon scales
 m - a +0 pair of gloves (worn)
 y - a +0 cloak (worn)
 F - a +0 pair of boots (worn)
 L - a +3 chain mail (worn)
 X - a +1 helmet (worn)
Jewellery
 h - a +4 ring of evasion (left hand)
 E - a +4 ring of evasion (right hand)
 J - an amulet of guardian spirit (around neck)
 K - a ring of fire
 T - a ring of see invisible
Wands
 t - a wand of flame (69)
 G - a wand of iceblast (10)
 H - a wand of mindburst (20)
 S - a wand of paralysis (5)
 W - a wand of acid (3)
Scrolls
 i - 2 scrolls of magic mapping
 o - 11 scrolls of teleportation
 q - 9 scrolls of identify
 r - 5 scrolls of fog
 u - 2 scrolls of brand weapon
 C - 3 scrolls of enchant armour
 I - a scroll of summoning
 M - 3 scrolls of fear
 O - a scroll of vulnerability
 Q - a scroll of amnesia
 R - 3 scrolls of immolation
 Y - 3 scrolls of blinking
Potions
 c - 3 potions of heal wounds
 d - 4 potions of might
 e - 8 potions of curing
 k - 7 potions of flight
 v - 5 potions of brilliance
 x - 3 potions of mutation {unknown}
 z - 6 potions of ambrosia
 B - 4 potions of invisibility
 D - a potion of cancellation {unknown}
 N - a potion of degeneration {unknown}
 P - 4 potions of lignification


   Skills:
 * Level 12.0 Fighting
 + Level 6.7(9.7) Short Blades
 * Level 11.8(12.5) Long Blades
 + Level 6.9 Slings
 + Level 1.0(4.4) Throwing
 + Level 9.5 Armour
 * Level 10.9 Dodging
 + Level 1.7 Stealth
 + Level 16.5 Shields
 * Level 6.6 Spellcasting
 * Level 2.6 Translocations
 * Level 7.7 Invocations
 + Level 1.2 Evocations


You had 22 spell levels left.
You knew the following spells:

 Your Spells              Type           Power      Damage    Failure   Level
a - Manifold Assault      Tloc           23%        N/A       99%         5

Your spell library contained the following spells:

 Spells                   Type           Power      Damage    Failure   Level
 Gell's Gravitas          Tloc           11%        N/A       54%         3
 Portal Projectile        Hex/Tloc       32%        N/A       73%         3
 Confusing Touch          Hex            8%         N/A       89%         3
 Passage of Golubria      Tloc           N/A        N/A       91%         4
 Petrify                  Tmut/Erth      8%         N/A       100%        4
 Metabolic Englaciation   Hex/Ice        4%         N/A       100%        5
 Yara's Violent Unravell  Hex/Tmut       4%         3d4       100%        5
 Dispersal                Tloc           11%        N/A       100%        6
 Disjunction              Tloc           11%        N/A       100%        8


Dungeon Overview and Level Annotations

Branches:
Dungeon (12/15)            Temple (1/1) D:6            Lair (6/6) D:8
 Shoals (0/4) Lair:3        Snake (0/4) Lair:3        Slime (0/5) Lair:5
    Orc (2/2) D:10            Elf (0/3) Orc:2         Sewer (visited)
  IceCv (visited)

Altars:
Ashenzari
Cheibriados
Dithmenos
Elyvilon
Fedhas
Gozag
Hepliaklqana
Makhleb
Nemelex Xobeh
Okawaru
Qazlal
Ru
Sif Muna
Trog
Uskayaw
Vehumet
Xom
Yredelemnul
Zin
The Shining One
Beogh

Shops:
D:5 !   D:11 :*   D:12 !=!   Orc:2 :*[(*

Annotations:
D:12 1 transporter, Erolcha
Lair:6 exclusion: oklob plant


Innate Abilities, Weirdness & Mutations

You are amphibious.
You cover ground slowly.
You can hop long distances.
You have an extended range of vision and can be seen from far away.


Message History

The two-headed ogre closely misses you.
You are too confused!
Unknown command.
Unknown command.
Unknown command.
You feel better. You block the two-headed ogre's attack.
The two-headed ogre completely misses you.
Something hits you but does no damage.
You are electrocuted!
The two-headed ogre misses you. You block the two-headed ogre's attack.
Something hits you but does no damage.
You fail to use your ability.
You block the two-headed ogre's attack. x2
Something closely misses you. You block the two-headed ogre's attack.
The two-headed ogre hits you with a +0 giant club!
Something hits you but does no damage.
You are electrocuted!
You hear some strange, mumbled words.
You suddenly lose the ability to move!
The two-headed ogre hits you but does no damage.
The two-headed ogre hits you with a +0 giant club!
You hear some strange, mumbled words.
A puff of flame appears from out of thin air!
The puff of flame hits you!
The two-headed ogre hits you but does no damage.
The two-headed ogre hits you with a +0 giant club.
Something hits you but does no damage.
You hear some strange, mumbled words.
The two-headed ogre seems to speed up.
The two-headed ogre hits you with a +0 giant club!
* * * LOW HITPOINT WARNING * * *
The two-headed ogre hits you with a +0 giant club.
* * * LOW HITPOINT WARNING * * *
The two-headed ogre hits you with a +0 giant spiked club.
* * * LOW HITPOINT WARNING * * *
The two-headed ogre hits you with a +0 giant club.
* * * LOW HITPOINT WARNING * * *
The two-headed ogre hits you with a +0 giant club!
* * * LOW HITPOINT WARNING * * *
The two-headed ogre hits you with a +0 giant club!!
* * * LOW HITPOINT WARNING * * *
Something hits you but does no damage. x2; Something hits you.
You die...

......## #....
.##............#
.....## .....
......###..)...#
...#.# .....#
#......#.)..##
...### .....#
##.......#.### #..#
.....###...#.....###
####
#....#..#.###)....##
#.o......###))...#
##{OO..#.###).)#.##
#o{@{...###)))####
......oO##.#..#>.)##
#......o ###......#
##...... ##..#.##
#....... #..###
#...#... ####
#...#... ..# #... ..
##..


You could see 3 two-headed ogres and 4 orcs.

Vanquished Creatures
  An orc warlord (Orc:2)
  Josephine (D:12)
  Harold (Lair:2)
  2 ice dragons (IceCv)
  9 hydras
  2 catoblepae
  A centaur warrior (D:12)
  4 two-headed ogres
  2 orc high priests (Orc:2)
  10 death yaks (Lair:6)
  7 orc knights
  A cyclops (D:12)
  2 manticores
  Maurice (D:8)
  A black mamba (Lair:5)
  10 elephants
  A torpor snail (Lair:6)
  15 cane toads
  4 rime drakes
  An unseen horror (D:10)
  A gargoyle (D:11)
  8 komodo dragons
  3 trolls (Orc:2)
  5 polar bears
  A wind drake (Lair:3)
  A queen bee (Lair:1)
  27 blink frogs
  7 hornets
  2 dream sheep (D:9)
  14 spriggans (Lair:6)
  3 wyverns
  6 wraiths
  3 basilisks
  16 yaks
  3 steam dragons
  7 nagas (Lair:3)
  14 water moccasins
  Duvessa (D:5)
  16 ice beasts
  35 orc warriors
  A sky beast (D:5)
  6 black bears
  12 ogres
  A necrophage (D:5)
  27 wolves
  3 boggarts (Lair:6)
  2 centaurs
  7 kobold brigands
  17 bullfrogs
  A gnoll sergeant (D:10)
  2 scorpions
  An earth elemental (D:11)
  Dowan (D:5)
  27 killer bees
  4 wights (D:8)
  An electric eel (Lair:6)
  A howler monkey (D:4)
  3 bullfrog zombies
  5 centaur zombies
  5 hounds
  11 jellies (Lair:5)
  2 centaur skeletons
  14 orc priests
  A gnoll shaman (D:8)
  A bullfrog skeleton (D:7)
  Ijyb (D:3)
  Terence (D:2)
  30 orc wizards
  A scorpion zombie (D:5)
  A hound skeleton (D:5)
  A howler monkey zombie (D:5)
  10 gnolls
  9 adders
  5 river rats (Sewer)
  A shadow imp (D:8)
  An ufetubus (D:5)
  An adder skeleton (D:4)
  2 worms
  3 dart slugs
  110 orcs
  17 ball pythons
  17 endoplasms
  5 giant cockroaches
  7 goblins
  4 hobgoblins
  5 jackals
  3 quokkas
  12 bats
  7 frilled lizards
  30 kobolds
  27 rats
716 creatures vanquished.

Vanquished Creatures (others)
  A blink frog (Lair:3)
  2 orc wizards
  2 orcs (D:6)
  54 fungi
  99 plants
158 creatures vanquished.

Grand Total: 874 creatures vanquished

Notes
Turn   | Place    | Note
-------+----------+-------------------------------------------
     0 | D:1      | Morbidden the Barachi Fighter began the quest for the Orb.
     0 | D:1      | Reached XP level 1. HP: 18/18 MP: 1/1
     1 | D:1      | Found a runed translucent door.
    60 | D:1      | Reached XP level 2. HP: 17/25 MP: 2/2
   295 | D:1      | Reached XP level 3. HP: 28/30 MP: 3/3
   908 | D:2      | Found a faded altar of an unknown god.
  1008 | D:2      | Noticed Terence
  1018 | D:2      | Killed Terence
  1019 | D:2      | Reached XP level 4. HP: 17/37 MP: 4/4
  1207 | D:2      | Reached skill level 1 in Dodging
  1222 | D:2      | Reached skill level 1 in Slings
  1820 | D:2      | Reached XP level 5. HP: 27/43 MP: 5/5
  2395 | D:3      | Reached skill level 4 in Shields
  2917 | D:3      | Noticed Ijyb
  2934 | D:3      | Killed Ijyb
  3112 | D:3      | Found a hazy altar of Hepliaklqana.
  3120 | D:3      | Found a shadowy altar of Dithmenos.
  3120 | D:3      | Noticed a shadow
  3553 | D:4      | Reached XP level 6. HP: 45/49 MP: 6/6
  4509 | D:5      | Entered Level 5 of the Dungeon
  4527 | D:5      | Found a glowing drain.
  4547 | D:5      | Identified the +5 mace "Nicetteg" {vorpal, Will+}
  4566 | Sewer    | Entered a sewer
  4621 | Sewer    | Reached XP level 7. HP: 55/55 MP: 7/7
  4693 | Sewer    | Reached skill level 5 in Fighting
  5008 | Sewer    | Reached skill level 5 in Armour
  5590 | D:5      | Found Ximp's Distillery.
  5633 | D:5      | Noticed Dowan
  5634 | D:5      | Noticed Duvessa
  5637 | D:5      | Killed Dowan
  5653 | D:5      | Killed Duvessa
  5654 | D:5      | Reached XP level 8. HP: 14/64 MP: 8/8
  6181 | D:5      | Reached skill level 5 in Long Blades
  6367 | D:5      | Found a glowing golden altar of the Shining One.
  6368 | D:5      | Found a glowing silver altar of Zin.
  6372 | D:5      | Found a burning altar of Makhleb.
  6373 | D:5      | Found a basalt altar of Yredelemnul.
  6373 | D:5      | Found a hide-covered altar of Uskayaw.
  6374 | D:5      | Found a shimmering blue altar of Sif Muna.
  6376 | D:5      | Found a sparkling altar of Nemelex Xobeh.
  6377 | D:5      | Found a blossoming altar of Fedhas.
  6378 | D:5      | Found a radiant altar of Vehumet.
  6442 | D:5      | Reached skill level 5 in Shields
  7027 | D:6      | Reached skill level 1 in Short Blades
  7259 | D:6      | Found a staircase to the Ecumenical Temple.
  7783 | D:6      | Reached XP level 9. HP: 69/71 MP: 9/9
  7861 | D:7      | Reached skill level 5 in Slings
  7923 | D:7      | Reached skill level 5 in Dodging
  8470 | D:7      | Found an opulent altar of Gozag.
  8542 | Temple   | Entered the Ecumenical Temple
  8601 | Temple   | Became a worshipper of Cheibriados the Contemplative
  8716 | D:7      | Reached skill level 6 in Shields
  9527 | D:6      | Reached skill level 1 in Invocations
 10203 | D:8      | Noticed an elephant
 10241 | D:7      | Killed an elephant
 10625 | D:8      | Found a staircase to the Lair.
 10646 | D:8      | Reached * piety under Cheibriados
 10666 | D:8      | Reached XP level 10. HP: 9/80 MP: 11/11
 11342 | D:8      | Noticed Maurice
 11360 | D:8      | Killed Maurice
 11418 | D:8      | Reached skill level 7 in Shields
 12383 | D:9      | Noticed a two-headed ogre
 12396 | D:9      | Killed a two-headed ogre
 12396 | D:9      | Reached ** piety under Cheibriados
 12954 | D:9      | Noticed a three-headed hydra
 12959 | D:9      | Killed a one-headed hydra
 12960 | D:9      | Reached skill level 8 in Shields
 12969 | D:9      | Reached XP level 11. HP: 81/87 MP: 14/14
 13260 | D:10     | Entered Level 10 of the Dungeon
 13286 | D:10     | Noticed a two-headed ogre
 13301 | D:10     | Killed a two-headed ogre
 13771 | D:10     | Reached *** piety under Cheibriados
 13929 | D:10     | Noticed a two-headed ogre
 13956 | D:10     | Killed a two-headed ogre
 14327 | D:10     | Found a staircase to the Orcish Mines.
 14738 | D:10     | Reached **** piety under Cheibriados
 14742 | D:10     | Found a stormy altar of Qazlal.
 15098 | Orc:1    | Entered Level 1 of the Orcish Mines
 15197 | D:11     | Found Zeeprauh's Book Shop.
 15241 | D:11     | Found Vixkem's Pet Rocks.
 15337 | D:11     | Found a frozen archway.
 15343 | IceCv    | Entered an ice cave
 15507 | IceCv    | Reached skill level 1 in Spellcasting
 15510 | IceCv    | Reached skill level 1 in Stealth
 15513 | IceCv    | Reached skill level 9 in Shields
 15960 | IceCv    | Noticed an ice dragon
 15963 | IceCv    | Noticed an ice dragon
 15977 | IceCv    | Killed an ice dragon
 15983 | IceCv    | Killed an ice dragon
 15984 | IceCv    | Reached skill level 5 in Invocations
 15984 | IceCv    | Reached skill level 1 in Evocations
 16730 | D:11     | Noticed a manticore
 16736 | D:11     | Reached XP level 12. HP: 86/96 MP: 15/15
 17354 | D:12     | Found Ubrenkag's Jewellery Shoppe.
 17354 | D:12     | Noticed Sonja
 17405 | D:12     | Found a transporter.
 17442 | D:12     | Found a shimmering blue altar of Sif Muna.
 17498 | D:12     | Noticed an ogre mage
 17498 | D:12     | Noticed a sphinx
 17644 | D:12     | Noticed a centaur warrior
 17650 | D:12     | Found Tagiynto's Distillery.
 17665 | D:12     | Killed a centaur warrior
 17983 | D:12     | Noticed Erolcha
 18078 | D:12     | Noticed Josephine
 18108 | D:12     | Killed Josephine
 18406 | D:12     | Found Rasug's Distillery.
 18594 | D:12     | Bought a potion of heal wounds for 75 gold pieces
 18763 | Lair:1   | Entered Level 1 of the Lair of Beasts
 18778 | Lair:1   | Reached skill level 10 in Shields
 18790 | Lair:1   | Noticed a four-headed hydra
 18803 | Lair:1   | Killed a one-headed hydra
 18810 | Lair:1   | Reached skill level 10 in Fighting
 18973 | Lair:1   | Noticed a five-headed hydra
 18981 | Lair:1   | Killed a one-headed hydra
 19734 | Lair:2   | Reached ***** piety under Cheibriados
 19921 | Lair:2   | Noticed Harold
 19940 | Lair:2   | Killed Harold
 19941 | Lair:2   | Reached skill level 10 in Long Blades
 19964 | Lair:2   | Gained mutation: You can hop long distances. [Barachi
                  | growth]
 19964 | Lair:2   | Reached XP level 13. HP: 50/104 MP: 10/19
 20973 | Lair:3   | Reached skill level 11 in Shields
 21576 | Lair:3   | Reached skill level 5 in Short Blades
 21624 | Lair:3   | Found a staircase to the Snake Pit.
 22010 | Lair:3   | Found a staircase to the Shoals.
 22580 | Lair:4   | Identified a scroll of acquirement
 22580 | Lair:4   | Acquired a manual of Shields
 23346 | Lair:5   | Reached skill level 12 in Shields
 23521 | Lair:5   | Reached ****** piety under Cheibriados
 23578 | Lair:5   | Found a staircase to the Slime Pits.
 23781 | Lair:5   | Reached skill level 5 in Spellcasting
 24647 | Lair:6   | Entered Level 6 of the Lair of Beasts
 24665 | Lair:6   | Reached skill level 10 in Dodging
 24696 | Lair:6   | Reached skill level 13 in Shields
 24719 | Lair:6   | Reached XP level 14. HP: 104/113 MP: 18/21
 24791 | Lair:6   | Reached skill level 14 in Shields
 25047 | Lair:6   | Reached skill level 1 in Throwing
 25668 | Lair:6   | Reached skill level 15 in Shields
 26228 | Lair:6   | Learned a level 5 spell: Manifold Assault
 26343 | Lair:6   | Reached skill level 1 in Translocations
 26992 | Lair:6   | Reached skill level 16 in Shields
 27668 | Orc:1    | Reached XP level 15. HP: 118/118 MP: 24/24
 27846 | Orc:2    | Entered Level 2 of the Orcish Mines
 27846 | Orc:2    | Found Vuqoir's Antique Weapon Shoppe.
 27846 | Orc:2    | Found a staircase to the Elven Halls.
 27854 | Orc:2    | Noticed an orc warlord
 27870 | Orc:2    | Killed an orc warlord
 28504 | Orc:2    | Found Filek's Book Shop.
 28711 | Orc:2    | Found Muin's Antique Armour Boutique.
 28715 | Orc:2    | Found Ilehiak's General Store.
 28957 | Orc:2    | Found Jaicsush's Assorted Antiques.
 29065 | Orc:2    | Bought a demon blade for 420 gold pieces
 29190 | Orc:1    | Paralysed by something for 5 turns
 29192 | Orc:1    | HP: 2/120 [two-headed ogre/+0 giant club (16)]
 29192 | Orc:1    | Slain by an ogre mage

Illustrated notes

Levels and vault maps discovered:
D:1:      dpeg_arrival_caged_fury, layout_rooms
D:2:      layout_basic, ebering_ecumenical_altar_petrified, uniq_terence
D:3:      layout_loops_ring, riverfiend_overflow_shadow_ancestor,
          minmay_circle_x, uniq_ijyb
D:4:      layout_basic, minmay_cupped
D:5:      layout_loops_corners, minitemple, cheibrodos_sewer_entry_sluice,
          serial_shops, nicolae_shop_competitors_out_of_business,
          hangedman_decor_growths, uniq_duvessa
D:6:      layout_layer_cave, minmay_temple_entry_from_below_a
D:7:      layout_cave_pools, nicolae_gozag_seed_capital
D:8:      layout_gridville, david_lair_generic, uniq_maurice
D:9:      layout_loops_ring, hangedman_ranch
D:10:     layout_irregular_city, nicolae_qazlal_eye_of_the_storm,
          hiddenorc1_lemuel, grunt_ministairs_14, kennysheep_dice
D:11:     layout_loops_ring, serial_shops, shop_fountains,
          portal_ice_cave_entry_pillars_1, guppyfry_shop_earth
D:12:     gammafunk_sealed_library, layout_rooms, serial_shops,
          nicolae_shop_waterfront, shop, shop_coins, uniq_sonja, uniq_erolcha,
          uniq_josephine
Temple:   jpeg_temple_island
Lair:1:   layout_misc_corridors, special_room [special_room_bee],
          infiniplex_staircase_pool_2, lemuel_fruit_tree
Lair:2:   layout_regular_city, uniq_harold
Lair:3:   layout_loops_ring, minmay_shoals_entry_beasts,
          minmay_snake_entry_guardpost_medium, cheibrodos_lair_lostbears
Lair:4:   layout_regular_city
Lair:5:   layout_long_grid, minmay_slime_entry_jelly_boxes
Lair:6:   minmay_lair_end_enchanted_forest, layout_small_grid,
          serial_bayou_lagoon_a, chequers_serial_rivers_micro_a,
          grunt_megastairs_2
Orc:1:    layout_diamond_mine, serial_shops, shop_statue, mines4_lemuel
Orc:2:    grunt_orc_gardens, layout_diamond_mine, grunt_orc_garden,
          grunt_orc_garden, grunt_orc_garden, grunt_orc_garden, serial_shops,
          nicolae_shop_overgrown_old_shop, basic_altar

Skill      XL: |  1  2  3  4  5  6  7  8  9 10 11 12 13 14 15 |
---------------+----------------------------------------------+-----
Fighting       | 4 5 6 7 8 9 10 11 12 | 12.0
Armour         | 4 5 6 7 8 9 |  9.5
Long Blades    | 3 4 5 6 7 9 10 11 | 11.8
Dodging        | 1 2 3 4 6 7 9 10 | 10.9
Slings         | 1 2 3 4 5 6 |  6.9
Shields        | 4 5 6 8 9 10 13 16 | 16.5
Short Blades   | 1 2 3 4 5 6 |  6.7
Invocations    | 2 4 5 6 7 |  7.7
Spellcasting   | 2 4 5 6 |  6.6
Stealth        | 1 |  1.7
Evocations     | 1 |  1.2
Throwing       | 1 |  1.0
Translocations | 1 2 |  2.6

Action                   |  1- 3 |  4- 6 |  7- 9 | 10-12 | 13-15 || total
-------------------------+-------+-------+-------+-------+-------++-------
Melee: Long sword        |    75 |       |    41 |    73 |       ||   189
       Dagger            |     4 |   144 |   263 |   422 |       ||   833
       Falchion          |       |       |       |   206 |   171 ||   377
       Short sword       |       |       |       |   341 |  1230 ||  1571
       Hunting sling     |       |       |       |     1 |       ||     1
       Demon blade       |       |       |       |       |    56 ||    56
 Fire: Hunting sling     |    20 |   127 |   314 |   129 |    83 ||   673
Throw: Dart              |       |       |     5 |    17 |    16 ||    38
Invok: Slouch            |       |       |       |     3 |    11 ||    14
 Abil: Hop               |       |     2 |     7 |     8 |     6 ||    23
Evoke: Wand              |       |       |     4 |    27 |       ||    31
  Use: Potion            |       |     1 |    11 |     1 |     1 ||    14
       Scroll            |       |     4 |     1 |    17 |     4 ||    26
 Stab: Paralysed         |       |       |       |     7 |       ||     7
Armor: Scale mail        |    50 |    99 |   150 |       |       ||   299
       Chain mail        |       |       |   289 |   442 |   259 ||   990
       Ice dragon scales |       |       |       |    29 |       ||    29
       Skin              |       |       |       |     2 |       ||     2
Dodge: Dodged            |    20 |    53 |   133 |   674 |   892 ||  1772
Block: Kite shield       |    29 |       |       |       |       ||    29
       Tower shield      |    25 |   191 |   520 |  1564 |  1927 ||  4227
       Rpst.: Long sword |     6 |       |     5 |    12 |       ||    23
       Falchion          |       |       |       |    44 |    24 ||    68
       Demon blade       |       |       |       |       |     7 ||     7

Table legend: (Time is in decaauts)
 A = Elapsed time spent in this place.
 B = Non-inter-level travel time spent in this place.
 C = Inter-level travel time spent in this place.
 D = Time resting spent in this place.
 E = Time spent auto-exploring this place.
 F = Levels seen in this place.
 G = Mean time per level.
                   A        B        C        D        E       F      G
               +--------+--------+--------+--------+--------+-----+--------+
         Total |  40670 |  38954 |   1716 |   3013 |  28024 |  23 | 1768.3 |
       Dungeon |  21102 |  20122 |    980 |   2116 |  14175 |  12 | 1758.5 |
        Temple |     84 |     73 |     11 |      0 |     67 |   1 |   84.0 |
          Lair |  14305 |  13684 |    621 |    178 |  11211 |   6 | 2384.2 |
  Orcish Mines |   2631 |   2528 |    103 |    229 |   1598 |   2 | 1315.5 |
         Sewer |   1126 |   1126 |      0 |      9 |    819 |   1 | 1126.0 |
      Ice Cave |   1420 |   1420 |      0 |    480 |    152 |   1 | 1420.0 |
               +--------+--------+--------+--------+--------+-----+--------+

Top non-repeatable levels by time:
  Lair:6: 4162 daAuts
    D:10: 2772 daAuts
     D:6: 2553 daAuts
  Lair:5: 2520 daAuts
  Lair:3: 2506 daAuts
     D:9: 1892 daAuts
  Lair:2: 1857 daAuts
     D:7: 1840 daAuts
     D:8: 1780 daAuts
  Lair:4: 1738 daAuts
    D:11: 1737 daAuts
     D:5: 1720 daAuts
    D:12: 1651 daAuts
     D:2: 1586 daAuts
  Lair:1: 1520 daAuts
